 Dungeon Crawl Stone Soup version 0.29.0-4-gdea44cf6ec (webtiles) character file.

Game seed: 12904413201931910736

105 fingers the Cudgeller (level 4, -5/44 HPs)
             Began as a Troll Berserker on Aug 26, 2022.
             Was a Believer of Trog.
             Slain by a goblin
             ... wielding a +0 club
             ... led by Robin
              (6 damage)
             ... on level 3 of the Dungeon.
             The game lasted 00:06:49 (1122 turns).

fingers the Cudgeller (Troll Berserker)             Turns: 1122, Time: 00:06:49

Health: -5/44      AC:  4    Str: 27    XL:     4   Next: 54%
Magic:  3/3        EV: 10    Int:  3    God:    Trog [**....]
Gold:   56         SH:  0    Dex:  9    Spells: 3/3 levels left

rFire   . . .      SeeInvis .   n - +0 flail (holy)
rCold   . . .      Faith    .   (no shield)
rNeg    + + .      Spirit   .   o - +0 robe {rN+}
rPois   .          Reflect  .   (helmet restricted)
rElec   .          Harm     .   (no cloak)
rCorr   .          Rampage  .   (gloves unavailable)
Will    .....                   (boots unavailable)
Stlth   +.........              (no amulet)
HPRegen 0.94/turn               f - ring of positive energy
MPRegen 0.08/turn               (no ring)

@: on berserk cooldown, slowed, very slow
A: large, unfitting armour, claws 3, regeneration 1, shaggy fur 1, tough skin 1
a: Renounce Religion, Berserk, Trog's Hand


You were on level 3 of the Dungeon.
You worshipped Trog.
Trog was pleased with you.
You visited 1 branch of the dungeon, and saw 3 of its levels.

You collected 117 gold pieces.
You spent 61 gold pieces at shops.

Inventory:

Hand Weapons
 a - a +0 mace
 n - a +0 flail of holy wrath (weapon)
Missiles
 m - 5 javelins
Armour
 b - a +0 animal skin
 h - an orb of wrath
 o - a +0 robe of positive energy (worn)
Jewellery
 f - a ring of positive energy (left claw)
Scrolls
 d - 2 scrolls of teleportation
 g - a scroll of immolation {unknown}
 j - a scroll of brand weapon {unknown}
 l - a scroll of fog {unknown}
 p - a scroll of enchant weapon {unknown}
Potions
 c - a potion of curing {unknown}
 e - 2 potions of heal wounds {unknown}
 i - a potion of magic {unknown}
 k - a potion of berserk rage {unknown}


   Skills:
 * Level 2.8 Fighting
 * Level 3.9 Maces & Flails
 * Level 3.3 Dodging


You had 3 spell levels left.
You didn't know any spells.
Your spell library was empty.

Dungeon Overview and Level Annotations

Branches:
Dungeon (3/15)

Altars:

Shops:
D:2 *

Annotations:
D:3 Robin


Innate Abilities, Weirdness & Mutations

You are too large for most types of armour.
You have claws for hands.
Your natural rate of healing is unusually fast.
You are covered in fur. (AC +1)
You have tough skin. (AC +1)


Message History

The goblin barely misses you. The goblin hits you but does no damage.
You closely miss the goblin. The goblin hits you but does no damage.
You sock the hobgoblin!
You kill the hobgoblin!
Trog accepts your kill. The bat hits you but does no damage.
The goblin hits you with a +0 club.
The goblin closely misses you. x2; The goblin hits you with a +0 club. x2
You closely miss the goblin. The bat barely misses you.
The goblin hits you with a +0 club. The goblin hits you but does no damage.
The goblin hits you with a +0 dagger. The goblin hits you with a +0 club.
* * * LOW HITPOINT WARNING * * *
The goblin hits you with a +0 club.
* * * LOW HITPOINT WARNING * * *
You bludgeon the goblin!!
You kill the goblin!
Trog accepts your kill. The bat hits you.
* * * LOW HITPOINT WARNING * * *
The goblin barely misses you. The goblin hits you with a +0 dagger.
* * * LOW HITPOINT WARNING * * *
The goblin hits you but does no damage. x2
You sock the goblin!
You kill the goblin!
Trog accepts your kill.
You can now call upon Trog for regeneration and willpower.
You are no longer berserk.
You are exhausted.
You feel yourself slow down. The goblin barely misses you.
The goblin hits you but does no damage. The goblin completely misses you.
You closely miss the goblin. The goblin hits you with a +0 dagger.
* * * LOW HITPOINT WARNING * * *
The goblin barely misses you. The goblin hits you with a +0 club.
* * * LOW HITPOINT WARNING * * *
The goblin closely misses you. The hobgoblin hits you.
* * * LOW HITPOINT WARNING * * *
The hobgoblin barely misses you. The goblin hits you but does no damage.
The goblin hits you with a +0 club.
* * * LOW HITPOINT WARNING * * *
The goblin hits you but does no damage. The goblin hits you with a +0 club.
You die...

#. #. # .. .. #########
### .. ... ... ...
#.####.# #.# ###### #
#....#.###.# #.....
....#.bggg...#######.##.#
......gg@)...............
#.#.#.g#g###########.##.#
#..#.# #.##.# #g.#.#
#<...# g..#.# ######
###.#.# #.#.# #.#.#


You could see Robin (resistant), 2 hobgoblins, 4 goblins and a bat.

Vanquished Creatures
  Terence (D:2)
  4 gnolls (D:2)
  An adder (D:2)
  A dart slug (D:1)
  2 endoplasms (D:1)
  6 goblins
  2 hobgoblins
  5 kobolds (D:1)
  3 ball pythons (D:1)
  4 bats
  A frilled lizard (D:1)
  4 rats
34 creatures vanquished.

Notes
Turn   | Place    | Note
-------+----------+-------------------------------------------
     0 | D:1      | fingers the Troll Berserker began the quest for the Orb.
     0 | D:1      | Reached XP level 1. HP: 22/22 MP: 0/0
   148 | D:1      | Reached XP level 2. HP: 18/29 MP: 1/1
   195 | D:1      | Found a faded altar of an unknown god.
   676 | D:2      | Reached XP level 3. HP: 36/36 MP: 0/2
   684 | D:2      | Reached ** piety under Trog
   740 | D:2      | Found Gejumiof's General Store.
   742 | D:2      | Noticed Terence
   755 | D:2      | Killed Terence
   756 | D:2      | Reached XP level 4. HP: 44/44 MP: 3/3
   771 | D:2      | Bought a +0 robe of positive energy for 61 gold pieces
  1106 | D:3      | Noticed Robin
  1122 | D:3      | HP: 2/44 [hobgoblin[Robin] (3)]
  1122 | D:3      | Slain by a goblin

Illustrated notes

Levels and vault maps discovered:
D:1:      lightli_arrival_chessboard, layout_basic, basic_ecumenical_altar,
          minmay_misc_feat_tiny
D:2:      cheibrodos_helix_gallery, layout_basic, serial_shops, shop,
          uniq_terence, uniq_sigmund
D:3:      layout_basic, uniq_robin

Skill      XL: |  1  2  3 |
---------------+----------+-----
Maces & Flails | 3 |  3.9
Dodging        | 3 |  3.3
Fighting       | |  2.8

Action                   |  1- 3 |  4- 6 || total
-------------------------+-------+-------++-------
Melee: Mace              |    64 |     1 ||    65
       Flail             |       |    22 ||    22
Throw: Javelin           |     2 |       ||     2
Invok: Berserk           |     2 |     1 ||     3
  Use: Scroll            |     1 |       ||     1
Armor: Animal skin       |    43 |       ||    43
       Robe              |       |    28 ||    28
Dodge: Dodged            |    49 |    23 ||    72
